 Dungeon Crawl Stone Soup version 0.28-a0-1130-gc51a68064b (webtiles) character file.

Game seed: 11017698672263160611

107 sokol815 the Shield-Bearer (level 4, 0/38 HPs)
             Began as a Demigod Fighter on Dec 12, 2021.
             Succumbed to an orc's poison
             ... on level 3 of the Dungeon.
             The game lasted 00:04:36 (3065 turns).

sokol815 the Shield-Bearer (Demigod Fighter)        Turns: 3065, Time: 00:04:37

Health: 0/38       AC:  8    Str: 21    XL:     4   Next: 32%
Magic:  6/6        EV:  9    Int: 10    God:
Gold:   116        SH:  5    Dex: 13    Spells: 3/3 levels left

rFire   . . .      SeeInvis .   a - +0 flail
rCold   . . .      Faith    .   c - +0 buckler
rNeg    . . .      Spirit   .   b - +0 scale mail
rPois   .          Reflect  .   (no helmet)
rElec   .          Harm     .   m - +0 cloak
rCorr   .          Rampage  .   (no gloves)
Will    .....                   (no boots)
Stlth   ..........              (no amulet)
HPRegen 0.12/turn               (no ring)
MPRegen 0.10/turn               (no ring)

@: lethally poisoned (0 -> -19)
A: high mp 1, forlorn, divine attributes
a: no special abilities


You were on level 3 of the Dungeon.
You visited 1 branch of the dungeon, and saw 3 of its levels.

You collected 116 gold pieces.

Inventory:

Hand Weapons
 a - a +0 flail (weapon)
Missiles
 e - 12 poisoned darts
 f - 12 arrows
 i - 3 boomerangs
 k - 12 sling bullets
 l - 15 bolts
 s - 14 stones (quivered)
Armour
 b - a +0 scale mail (worn)
 c - a +0 buckler (worn)
 m - a +0 cloak (worn)
   (You found it on level 2 of the Dungeon)
Scrolls
 d - a scroll of magic mapping {unknown}
 g - 2 scrolls of fog {unknown}
 j - a scroll of blinking {unknown}
 Y - 2 scrolls of teleportation {@r3}
Potions
 h - a potion of attraction {!q}
 M - 2 potions of might


   Skills:
 + Level 3.3 Fighting
 + Level 2.6 Maces & Flails
 + Level 3.3 Armour
 + Level 3.4 Shields


You had 3 spell levels left.
You didn't know any spells.
Your spell library was empty.

Dungeon Overview and Level Annotations

Branches:
Dungeon (3/15)


Innate Abilities, Weirdness & Mutations

You have an increased reservoir of magic. (+10% MP)
You shall have no god before yourself.
Your divine heritage dramatically boosts your attributes as you level up.


Message History

A hobgoblin comes into view. It is wielding a +0 dagger.
The bat closely misses you.
The hobgoblin shouts!
You thump the bat!
You kill the bat!
You hear a shout!
A hobgoblin comes into view.
An orc comes into view. It is wielding a +3 dagger of venom.
A quokka comes into view.
A ball python comes into view.
The hobgoblin moves out of view.
You throw a stone. The stone barely misses the orc. x2
The ball python hisses angrily.
The orc shouts!
You hear an angry hiss.
An orc comes into view. It is wielding a +0 short sword.
An orc comes into view. It is wielding a +0 war axe.
You throw a stone. The stone closely misses the orc.
The hobgoblin shouts!
The orc shouts! x2
The stone hits the orc but does no damage.
You hear a shout!
An adder comes into view.
A goblin comes into view. It is wielding a +0 dagger.
The goblin shouts!
There is an open door here.
The ball python bites you but does no damage.
The ball python grabs you. The ball python constricts you.
You escape the ball python's grasp.
You block the ball python's attack. The ball python barely misses you.
There is a stone staircase leading up here.
The ball python bites you but does no damage.
You block the ball python's attack.
You closely miss the quokka. The quokka barely misses you.
You closely miss the quokka.
The quokka bites you but does no damage.
The quokka bites you.
You take 2 damage, and have 36/38 hp.
You barely miss the quokka.
The quokka bites you but does no damage.
You barely miss the quokka.
The quokka bites you but does no damage.
You block the quokka's attack.
You hit the quokka but do no damage. You block the quokka's attack.
The quokka bites you.
You take 2 damage, and have 35/38 hp.
You hit the quokka. The quokka bites you.
You take 1 damage, and have 34/38 hp.
You barely miss the quokka. You block the quokka's attack.
You barely miss the quokka.
The quokka bites you but does no damage. x2
You hit the quokka but do no damage. The quokka bites you.
You block the quokka's attack.
You take 2 damage, and have 32/38 hp.
You hit the quokka.
The quokka bites you but does no damage.
You barely miss the quokka.
The quokka bites you but does no damage.
The quokka barely misses you.
You barely miss the quokka. The quokka barely misses you.
You thump the quokka!
You kill the quokka!
The adder closely misses you.
You barely miss the adder. The adder bites you but does no damage.
You sock the adder!
You kill the adder!
The ball python bites you but does no damage.
You block the ball python's attack.
You hit the ball python. You block the ball python's attack.
The ball python closely misses you.
You closely miss the ball python. The ball python bites you.
The ball python barely misses you.
The ball python bites you but does no damage.
The ball python barely misses you.
You take 3 damage, and have 31/38 hp.
You sock the ball python!
You kill the ball python!
You hit the orc but do no damage. The orc closely misses you.
You block the orc's attack.
You barely miss the orc. You block the orc's attack.
You hit the orc.
The orc hits you with a +3 dagger of venom.
You are poisoned.
You block the orc's attack.
You take 6 damage, and have 25/38 hp.
You barely miss the orc.
You feel very sick. The orc hits you but does no damage.
You are lethally poisoned!
You take 4 damage, and have 21/38 hp.
You barely miss the orc.
You feel very sick.
The orc hits you with a +3 dagger of venom.
You are more poisoned.
You take 9 damage, and have 12/38 hp.
MASSIVE DAMAGE!!
You hit the orc but do no damage.
* * * LOW HITPOINT WARNING * * *
You feel extremely sick. The orc barely misses you.
You take 7 damage, and have 5/38 hp.
You hit the orc but do no damage.
You die...

####.########.#.#.#.###....#####.
................#.#...'....##....
####.########..##.#..##.....+....
..##.................#...##.#....
#.############..####.#..## .#####
..# ##.##...#...# .# # ..#
#.........## .# # ..#
#..#......###.# # #.#
##@###........# # #.# #########
#o#......#.## # ..# #.......#
#gg.##...# ####### ###
#.......####oo.##...# .......
#.......+...........########.
#.......#o.....###...).......
#......g.o...#...)...######..
#.....g..###.#...#...######..
##.....g..###.##..#...#...##..


You could see 3 orcs, a hobgoblin and a goblin.

Vanquished Creatures
  An orc wizard (D:3)
  3 adders (D:3)
  6 orcs (D:3)
  3 bats
  6 endoplasms
  2 giant cockroaches
  6 goblins
  2 hobgoblins
  5 kobolds
  2 quokkas
  5 ball pythons
  3 frilled lizards (D:1)
  4 rats
48 creatures vanquished.

Vanquished Creatures (others)
  7 plants (D:1)
7 creatures vanquished.

Grand Total: 55 creatures vanquished

Notes
Turn   | Place    | Note
-------+----------+-------------------------------------------
     0 | D:1      | sokol815 the Demigod Fighter began the quest for the Orb.
     0 | D:1      | Reached XP level 1. HP: 18/18 MP: 3/3
   361 | D:1      | Reached skill level 2 in Maces & Flails
   439 | D:1      | Reached XP level 2. HP: 25/25 MP: 4/4
  1210 | D:2      | Reached skill level 3 in Shields
  1240 | D:2      | HP: 4/25 [adder (3)]
  1246 | D:2      | HP: 3/25 [adder (1)]
  1256 | D:3      | Reached skill level 3 in Fighting
  1256 | D:3      | Reached skill level 3 in Armour
  1587 | D:3      | Reached XP level 3. HP: 31/31 MP: 5/5
  2609 | D:3      | Reached XP level 4. HP: 15/38 MP: 6/6
  2617 | D:3      | HP: 6/38 [hobgoblin (4)]
  3064 | D:3      | HP: 5/38 [poisoned by an orc]
  3065 | D:3      | Succumbed to an orc's poison

Illustrated notes

Levels and vault maps discovered:
D:1:      lemuel_arrival_rhombus, layout_basic, serial_bayou,
          serial_bayou_ford_a, serial_bayou_lake_a, serial_bayou_pond_d,
          serial_bayou_shore_a
D:2:      layout_basic
D:3:      layout_basic, st_stairs_2, kennysheep_generic_room_5, uniq_grinder

Skill      XL: |  1  2 |
---------------+-------+-----
Maces & Flails | 2 |  2.6
Shields        | 3 |  3.4
Fighting       | 3 |  3.3
Armour         | 3 |  3.3

Action                   |  1- 3 |  4- 6 || total
-------------------------+-------+-------++-------
Melee: Flail             |   147 |    48 ||   195
Throw: Stone             |    13 |     2 ||    15
  Use: Potion            |     1 |     1 ||     2
       Scroll            |     3 |       ||     3
Armor: Scale mail        |    65 |    33 ||    98
Dodge: Dodged            |    64 |    24 ||    88
Block: Buckler           |    42 |    19 ||    61

Table legend: (Time is in decaauts)
 A = Elapsed time spent in this place.
 B = Non-inter-level travel time spent in this place.
 C = Inter-level travel time spent in this place.
 D = Time resting spent in this place.
 E = Time spent auto-exploring this place.
 F = Levels seen in this place.
 G = Mean time per level.
                   A        B        C        D        E       F      G
               +--------+--------+--------+--------+--------+-----+--------+
         Total |   3193 |   3161 |     32 |    453 |   2231 |   3 | 1064.3 |
       Dungeon |   3193 |   3161 |     32 |    453 |   2231 |   3 | 1064.3 |
               +--------+--------+--------+--------+--------+-----+--------+

Top non-repeatable levels by time:
     D:1: 1241 daAuts
     D:3: 1112 daAuts
     D:2: 839 daAuts

Table legend:
 A = Kills in this place as a percentage of kills in entire the game.
 B = Kills by you in this place as a percentage of kills by you in the entire game.
 C = Kills by friends in this place as a percentage of kills by friends in the entire game.
 D = Other kills in this place as a percentage of other kills in the entire game.
 E = Experience gained in this place as a percentage of experience gained in the entire game.
 F = Experience gained in this place divided by the number of levels of this place that you have seen.
                   A       B       C       D       E      F
               +-------+-------+-------+-------+-------+----------------------
         Total | 100.0 | 100.0 |   N/A |   N/A | 100.0 |  51.3
       Dungeon | 100.0 | 100.0 |   N/A |   N/A | 100.0 |  51.3
               +-------+-------+-------+-------+-------+----------------------
